 Dungeon Crawl Stone Soup version 0.31-a0-1603-gbec6b6ccbf (webtiles) character file.

Game seed: 10962845933039067820

730 MisterAzrael the Conjurer (level 7, -2/36 HPs)
             Began as a Deep Elf Conjurer on Jan 7, 2024.
             Shot with an arrow by a centaur (4 damage)
             ... on level 6 of the Dungeon.
             The game lasted 00:11:43 (5538 turns).

MisterAzrael the Conjurer (Deep Elf Conjurer)       Turns: 5538, Time: 00:11:44

Health: -2/36      AC:  9    Str: 10    XL:     7   Next: 44%
Magic:  11/18      EV: 13    Int: 25    God:
Gold:   277        SH:  0    Dex: 13    Spells: 12/19 levels left

rFire   + . .        p - +0 rapier
rCold   + . .        (no shield)
rNeg    . . .        n - +2 robe {rC+ rF+}
rPois   .            A - +2 helmet
rElec   .            (no cloak)
rCorr   .            (no gloves)
SInv    .            f - +1 pair of boots
Will    .....        (no amulet)
Stlth   +++          c - +6 ring of strength
HPRegen 0.26/turn    (no ring)
MPRegen 0.16/turn

%: no passive effects
@: very slightly contaminated
A: no striking features
a: no special abilities


You were on level 6 of the Dungeon.
You visited 1 branch of the dungeon, and saw 6 of its levels.

You collected 277 gold pieces.

Inventory:

Hand Weapons
 p - a +0 rapier (weapon)
Missiles
 x - a throwing net
Armour
 f - a +1 pair of boots (worn)
 n - a +2 robe of resistance (worn)
 A - a +2 helmet (worn)
Magical Staves
 v - a staff of fire
Jewellery
 c - a +6 ring of strength (left hand)
 h - a ring of wizardry
 m - a ring of fire
 t - an amulet of reflection
Scrolls
 d - a scroll of torment {unknown}
 e - 4 scrolls of teleportation
 g - a scroll of immolation
 i - 5 scrolls of identify
 j - a scroll of noise {unknown}
 o - a scroll of brand weapon {unknown}
 r - a scroll of revelation
 s - a scroll of acquirement {unknown}
 w - a scroll of fear {unknown}
 y - a scroll of vulnerability {unknown}
Potions
 a - 2 potions of invisibility {unknown}
 b - 2 potions of cancellation {unknown}
 k - 2 potions of degeneration {unknown}
 l - a potion of brilliance {unknown}
 q - a potion of lignification {unknown}
 u - 2 potions of curing {unknown}
 z - 3 potions of mutation {unknown}


   Skills:
 - Level 4.9 Dodging
 - Level 5.3 Stealth
 + Level 6.6 Spellcasting
 + Level 6.6 Conjurations


You had 12 spell levels left.
You knew the following spells:

 Your Spells              Type           Power      Damage    Failure   Level
a - Magic Dart            Conj           100%       1d8       1%          1
b - Searing Ray           Conj           82%        2d7       1%          2
c - Fulminant Prism       Conj/Alch      12%        3d9       19%         4

Your spell library contained the following spells:

 Spells                   Type           Power      Damage    Failure   Level
 Sting                    Conj/Alch      96%        1d9       1%          1
 Apportation              Tloc           16%        N/A       7%          1
 Necrotise                Necr           32%        1d5       7%          1
 Summon Small Mammal      Summ           32%        N/A       7%          1
 Iskenderun's Mystic Bla  Conj/Tloc      24%        2d7       19%         4


Dungeon Overview and Level Annotations

Branches:
Dungeon (6/15)
 Temple: D:4-7

Altars:

Shops:
D:1 (

Portals:
Sewer: D:6

Annotations:
D:3 2 transporters, Ofeo's ghost, amateur DrBr


Message History

You hear the slow rusting of a very distant drain.
Magic restored.
You now have 277 gold pieces (gained 10).
Found a plate armour.
Found 6 stones.
You hear the rusting of a drain nearby.
An iguana comes into view.
The magic dart hits the iguana.
The iguana is lightly wounded.
The iguana hisses angrily.
The magic dart hits the iguana.
The iguana is heavily wounded.
The magic dart hits the iguana.
The iguana is severely wounded.
The magic dart hits the iguana.
The iguana is severely wounded.
The magic dart hits the iguana.
You kill the iguana!
A centaur comes into view.
Found a glowing drain.
A bat and a river rat come into view.
The centaur shouts!
The centaur wields a +0 orcbow.
The centaur shoots an arrow.
The arrow closely misses you.
Casting: Magic Dart (safe; 1% risk of failure)
Confirm with . or Enter, or press ? or * to list all spells.
Aiming: Fulminant Prism (quite dangerous; 19% risk of failure)
Press: ? - help, Dir - move target You miscast Fulminant Prism.
You are very lightly contaminated with residual magic.
Nothing appears to happen.
The centaur shoots an arrow.
The arrow hits you!
The centaur shoots an arrow.
The arrow hits you! The bat misses you.
The centaur shoots an arrow.
The arrow completely misses you.
The centaur shoots an arrow.
The arrow hits you! The bat barely misses you.
The centaur shoots an arrow.
The arrow hits you!
* * * LOW HITPOINT WARNING * * *
The bat hits you but does no damage.
The centaur shoots an arrow.
The arrow hits you.
You die...

........## ...
.........## ....
...........##
.................###
~~~~~ #............#
≈~≈≈~##...........##
.....≈~..........##
~....~~..........#
..∩..rb@..#......##
~....~~...#...###.##
.....≈~.....### ##.#
≈~.≈≈##.....# ###
~~.~~ #.#...# ....
.......#
........###..#
.....#### ##c.# ..#
....


You could see a centaur, a river rat and a bat.

Vanquished Creatures
  Sigmund (D:3)
  A kobold brigand (D:4)
  A bombardier beetle (D:3)
  An orc priest (D:2)
  A sleepcap (D:5)
  Jessica (D:3)
  3 iguanas
  2 orc wizards (D:2)
  Natasha (thrice) (D:2)
  Robin (D:3)
  A gnoll (D:1)
  5 adders
  2 dart slugs
  2 ribbon worms
  15 orcs
  3 endoplasms
  3 giant cockroaches
  9 hobgoblins
  2 jackals (D:2)
  A quokka (D:1)
  8 ball pythons
  6 bats
  3 frilled lizards
  12 goblins
  11 kobolds
  10 rats
108 creatures vanquished.

Notes
Turn   | Place    | Note
-------+----------+-------------------------------------------
     0 | D:1      | MisterAzrael the Deep Elf Conjurer began the quest for the
                  | Orb.
     0 | D:1      | Reached XP level 1. HP: 10/10 MP: 6/6
   118 | D:1      | Reached XP level 2. HP: 15/15 MP: 1/8
   193 | D:1      | Found Benoirr's Weapon Boutique.
   642 | D:1      | Reached XP level 3. HP: 19/19 MP: 8/10
   984 | D:2      | Noticed Natasha
  1178 | D:2      | Killed Natasha
  1178 | D:2      | Noticed Natasha
  1183 | D:2      | Killed Natasha
  1184 | D:2      | Reached XP level 4. HP: 11/24 MP: 6/11
  1363 | D:2      | Reached skill level 5 in Conjurations
  1435 | D:2      | Noticed Natasha
  1442 | D:2      | Killed Natasha
  1788 | D:2      | Reached XP level 5. HP: 26/28 MP: 5/13
  1816 | D:2      | Learned a level 2 spell: Searing Ray
  1821 | D:2      | Learned a level 4 spell: Fulminant Prism
  2254 | D:3      | Noticed Ofeo's ghost (amateur DrBr)
  2254 | D:3      | Found a transporter.
  2343 | D:3      | Found a transporter.
  2417 | D:3      | Noticed Robin
  2436 | D:3      | Killed Robin
  2585 | D:2      | Reached XP level 6. HP: 23/32 MP: 7/15
  2622 | D:3      | Noticed Jessica
  2634 | D:3      | Killed Jessica
  2635 | D:3      | Reached skill level 5 in Spellcasting
  2945 | D:3      | Found a faded altar of an unknown god.
  3182 | D:3      | Noticed Sigmund
  3203 | D:3      | Killed Sigmund
  3204 | D:3      | Reached skill level 5 in Stealth
  3218 | D:3      | Reached XP level 7. HP: 18/36 MP: 2/17
  4772 | D:5      | Entered Level 5 of the Dungeon
  5391 | D:6      | Upgraded the game from 0.31-a0-1591-g515db51633 to
                  | 0.31-a0-1603-gbec6b6ccbf
  5530 | D:6      | Found a glowing drain.
  5537 | D:6      | HP: 1/36 [centaur/arrow (10)]
  5538 | D:6      | Shot with an arrow by a centaur

Illustrated notes

Levels and vault maps discovered:
D:1:      lemuel_arrival_lava_pool, layout_loops_cross, serial_shops, shop,
          columned_hall_lemuel
D:2:      minmay_wonky_spiral, layout_basic, uniq_natasha
D:3:      layout_rooms, gammafunk_ghost_arena, shapermc_ecumenical_altar_venn,
          uniq_robin, uniq_jessica, uniq_sigmund
D:4:      layout_loops_corners, hangedman_decor_riveting,
          lexackson_kobold_supper
D:5:      layout_cave_pools
D:6:      layout_layer_cave, cheibrodos_sewer_entry_sluice

Skill      XL: |  1  2  3  4  5  6  7 |
---------------+----------------------+-----
Stealth        | 3 4 5 |  5.3
Dodging        | 3 4 |  4.9
Spellcasting   | 4 5 6 |  6.6
Conjurations   | 5 6 |  6.6

Action                     |  1- 3 |  4- 6 |  7- 9 || total
---------------------------+-------+-------+-------++-------
  Melee: Trident           |    10 |    11 |       ||    21
   Cast: Magic Dart        |    45 |   119 |    71 ||   235
         Searing Ray       |       |     7 |     3 ||    10
    Use: Scroll            |     3 |     1 |       ||     4
         Potion            |     1 |     2 |       ||     3
 Armour: Robe              |    37 |    44 |     9 ||    90
  Dodge: Dodged            |    26 |    32 |    11 ||    69

Table legend: (Time is in decaauts)
 A = Elapsed time spent in this place.
 B = Non-inter-level travel time spent in this place.
 C = Inter-level travel time spent in this place.
 D = Time resting spent in this place.
 E = Time spent auto-exploring this place.
 F = Levels seen in this place.
 G = Mean time per level.
                   A        B        C        D        E       F      G
               +--------+--------+--------+--------+--------+-----+--------+
         Total |   5558 |   5375 |    183 |    520 |   4058 |   6 |  926.3 |
       Dungeon |   5558 |   5375 |    183 |    520 |   4058 |   6 |  926.3 |
               +--------+--------+--------+--------+--------+-----+--------+

Top non-repeatable levels by time:
     D:4: 1299 daAuts
     D:2: 1299 daAuts
     D:1: 1119 daAuts
     D:3: 1074 daAuts
     D:5: 523 daAuts
     D:6: 241 daAuts
